 Dungeon Crawl Stone Soup version 0.30-a0-949-g53dc5368d7 (webtiles) character file.

Game seed: 2994734556587151924

823 cforsyth the Trooper (level 8, -3/67 HPs)
             Began as a Formicid Fighter on Mar 28, 2023.
             Succumbed to Edmund's poison
             ... on level 4 of the Dungeon.
             The game lasted 00:04:56 (3539 turns).

cforsyth the Trooper (Formicid Fighter)             Turns: 3539, Time: 00:04:57

Health: -3/67      AC:  6    Str: 22    XL:     8   Next: 17%
Magic:  8/8        EV:  9    Int:  9    God:
Gold:   128        SH:  5    Dex: 13    Spells: 7/7 levels left

rFire   + . .      SeeInvis +    a - +0 flail
rCold   . . .      Faith    .    c - +0 buckler
rNeg    . . .      Spirit   .    b - +0 scale mail
rPois   .          Reflect  .    (helmet unavailable)
rElec   .          Rampage  .    (no cloak)
rCorr   .                        (no gloves)
Will    .....                    (no boots) Stlth
                                 (no amulet)
HPRegen 0.31/turn                m - ring of protection from fire
MPRegen 0.11/turn                (no ring)

@: brilliant, lethally poisoned (-3 -> -23), flying
A: permanent stasis, dig shafts and tunnels, antennae 3, four strong arms
a: Dig, Shaft Self


You were on level 4 of the Dungeon.
You visited 1 branch of the dungeon, and saw 4 of its levels.

You collected 128 gold pieces.

Inventory:

Hand Weapons
 a - a +0 flail (weapon)
Armour
 b - a +0 scale mail (worn)
 c - a +0 buckler (worn)
Jewellery
 m - a ring of protection from fire (left hand)
Wands
 s - a wand of quicksilver (7)
Scrolls
 e - 2 scrolls of noise {unknown}
 j - a scroll of enchant weapon {unknown}
 k - 5 scrolls of identify {unknown}
 l - a scroll of blinking {unknown}
 o - 2 scrolls of amnesia {unknown}
 r - a scroll of immolation {unknown}
 u - 3 scrolls of teleportation {unknown}
 v - a scroll of enchant armour {unknown}
 w - a scroll of fear {unknown}
 x - a scroll of magic mapping {unknown}
 y - a scroll of vulnerability {unknown}
Potions
 d - a potion of might
 f - 2 potions of brilliance
 g - 2 potions of flight
 h - a potion of degeneration {unknown}
 i - 2 potions of attraction {unknown}
 n - a potion of mutation {unknown}
 p - a potion of heal wounds {unknown}
 q - a potion of curing {unknown}
 t - 2 potions of lignification {unknown}
 z - a potion of ambrosia {unknown}


   Skills:
 + Level 7.4 Fighting
 + Level 6.3 Maces & Flails
 - Level 3.3 Armour
 - Level 4.0 Shields


You had 7 spell levels left.
You didn't know any spells.
Your spell library was empty.

Dungeon Overview and Level Annotations

Branches:
Dungeon (4/15)
 Temple: D:4-7

Altars:
Dithmenos
Elyvilon
Fedhas
Kikubaaqudgha
Makhleb
Nemelex Xobeh
Okawaru
Qazlal
Sif Muna
Trog

Annotations:
D:4 Edmund


Innate Abilities, Weirdness & Mutations

You cannot be hasted, slowed, berserked, paralysed or teleported.
You can dig through walls and to a lower floor.
You have a pair of large antennae on your head. (SInv)
Your four strong arms can wield two-handed weapons with a shield.


Message History

You sock the hound!
You kill the hound!
You sock Edmund!
Edmund is lightly wounded.
Edmund hits you with a +4 flail of venom!
You are poisoned.
You are too injured to fight recklessly!
You are too injured to fight recklessly!
You are too injured to fight recklessly!
You are too injured to fight recklessly!
You are too injured to fight recklessly!
You are too injured to fight recklessly!
You are too injured to fight recklessly!
You are too injured to fight recklessly!
You closely miss Edmund.
Edmund is lightly wounded.
You feel very sick. Edmund barely misses you.
You hit Edmund.
Edmund is lightly wounded.
You feel sick. You block Edmund's attack.
You closely miss Edmund.
Edmund is lightly wounded.
You feel sick.
Edmund hits you with a +4 flail of venom!
* * * LOW HITPOINT WARNING * * *
You are lethally poisoned!
Edmund hits you with a +4 flail of venom.
* * * LOW HITPOINT WARNING * * *
You are more poisoned.
It was a potion of brilliance.
You feel clever all of a sudden.
* * * LOW HITPOINT WARNING * * *
You feel very sick.
Edmund hits you with a +4 flail of venom.
* * * LOW HITPOINT WARNING * * *
It was a potion of flight.
You feel very buoyant.
You fly up into the air.
You die...

#. ............##.#
#.#...#)# ##
............##.# #.#...#..
#...........##.# #.#...#).
#...........##.# #.#...#..
#...........##.# #.#...#).
#...........##.#####.#...#..
######.#............#...#.)
#######.######.#####...#.#..
........rr@@...# #.#.#.#).
########..#####.# #.#.#.#รท)
............# #.# #.#.#.#.#
#####...###.# #.#
###.#.#.#.# #...# .....#
#.....#.#.. #)..# ###.#
#.....#.#.. #...# #>#
#...5...#.# ..............#
#.....###.# ..........#####
#.....#...#


You could see Edmund and 2 quokkas.

Vanquished Creatures
  Pikel (D:4)
  Duvessa (D:4)
  Dowan (D:4)
  3 hounds (D:4)
  2 orc priests (D:4)
  Ijyb (D:3)
  2 adders (D:2)
  2 worms
  3 orcs (D:4)
  5 ball pythons
  5 endoplasms
  2 giant cockroaches
  6 goblins
  4 hobgoblins
  A jackal (D:2)
  4 quokkas
  8 bats
  3 frilled lizards
  5 kobolds
  8 rats
67 creatures vanquished.

Vanquished Creatures (others)
  5 plants (D:3)
5 creatures vanquished.

Grand Total: 72 creatures vanquished

Notes
Turn   | Place    | Note
-------+----------+-------------------------------------------
     0 | D:1      | cforsyth the Formicid Fighter began the quest for the Orb.
     0 | D:1      | Reached XP level 1. HP: 18/18 MP: 1/1
   124 | D:1      | Reached XP level 2. HP: 16/24 MP: 2/2
   568 | D:1      | Reached XP level 3. HP: 15/30 MP: 3/3
   953 | D:2      | Reached skill level 4 in Fighting
  1610 | D:2      | Reached XP level 4. HP: 36/37 MP: 4/4
  1896 | D:3      | Noticed Ijyb
  1907 | D:3      | Killed Ijyb
  2216 | D:3      | Found a shadowy altar of Dithmenos.
  2217 | D:3      | Found a burning altar of Makhleb.
  2219 | D:3      | Found a white marble altar of Elyvilon.
  2222 | D:3      | Found a shimmering blue altar of Sif Muna.
  2223 | D:3      | Found a sparkling altar of Nemelex Xobeh.
  2223 | D:3      | Found an ancient bone altar of Kikubaaqudgha.
  2224 | D:3      | Found an iron altar of Okawaru.
  2225 | D:3      | Found a stormy altar of Qazlal.
  2226 | D:3      | Found a bloodstained altar of Trog.
  2229 | D:3      | Found a blossoming altar of Fedhas.
  2483 | D:3      | Reached XP level 5. HP: 43/43 MP: 5/5
  2591 | D:4      | Noticed Duvessa
  2591 | D:4      | Noticed Dowan
  2670 | D:4      | Killed Duvessa
  2671 | D:4      | Reached skill level 5 in Fighting
  2671 | D:4      | Reached XP level 6. HP: 38/51 MP: 6/6
  2775 | D:4      | Killed Dowan
  3059 | D:4      | Noticed Pikel
  3163 | D:4      | Killed Pikel
  3164 | D:4      | Reached skill level 7 in Fighting
  3164 | D:4      | Reached XP level 7. HP: 48/60 MP: 7/7
  3164 | D:4      | Reached XP level 8. HP: 54/67 MP: 8/8
  3514 | D:4      | Noticed Edmund
  3538 | D:4      | HP: 2/67 [Edmund/+4 flail of venom (5)]
  3539 | D:4      | Succumbed to Edmund's poison

Illustrated notes

Levels and vault maps discovered:
D:1:      lightli_arrival_quake, layout_basic, nicolae_titane
D:2:      layout_basic, kennysheep_potato
D:3:      layout_loops_cross, minitemple, serial_bayou, serial_bayou_pond_a,
          serial_bayou_shore_b, serial_bayou_pond_c, serial_bayou_lagoon_a,
          kennysheep_pointless_box, minivault_11, uniq_ijyb
D:4:      layout_basic, kennysheep_nub, uniq_edmund, uniq_pikel, uniq_duvessa

Skill      XL: |  1  2  3  4  5  6 |
---------------+-------------------+-----
Fighting       | 4 5 7 |  7.4
Maces & Flails | 3 4 6 |  6.3
Armour         | |  3.3
Shields        | |  4.0

Action                     |  1- 3 |  4- 6 |  7- 9 || total
---------------------------+-------+-------+-------++-------
  Melee: Flail             |   129 |   106 |    43 ||   278
    Use: Potion            |       |       |     2 ||     2
 Armour: Scale mail        |    97 |    44 |    12 ||   153
  Dodge: Dodged            |    79 |    47 |    15 ||   141
  Block: Buckler           |    38 |    35 |    10 ||    83

Table legend: (Time is in decaauts)
 A = Elapsed time spent in this place.
 B = Non-inter-level travel time spent in this place.
 C = Inter-level travel time spent in this place.
 D = Time resting spent in this place.
 E = Time spent auto-exploring this place.
 F = Levels seen in this place.
 G = Mean time per level.
                   A        B        C        D        E       F      G
               +--------+--------+--------+--------+--------+-----+--------+
         Total |   3618 |   3526 |     92 |    214 |   2499 |   4 |  904.5 |
       Dungeon |   3618 |   3526 |     92 |    214 |   2499 |   4 |  904.5 |
               +--------+--------+--------+--------+--------+-----+--------+

Top non-repeatable levels by time:
     D:2: 1170 daAuts
     D:4: 944 daAuts
     D:1: 895 daAuts
     D:3: 607 daAuts
